 Dungeon Crawl Stone Soup version 0.28-a0-8-g6e044cfa68 (webtiles) character file.

Game seed: 14791006138828492123

32 mandarbmax the Skirmisher (level 3, 0/20 HPs)
             Began as a Vine Stalker Fighter on July 25, 2021.
             Killed by nerve-wracking pain
             ... invoked by an orc priest
              (7 damage)
             ... on level 2 of the Dungeon.
             The game lasted 00:01:36 (1064 turns).

mandarbmax the Skirmisher (Vine Stalker Fighter)    Turns: 1064, Time: 00:01:37

Health: 0/20       AC:  6    Str: 19    XL:     3   Next: 27%
Magic:  0/4        EV:  7    Int:  8    God:
Gold:   49         SH:  9    Dex: 13    Spells: 2/2 levels left

rFire   . . .      SeeInvis .   a - +0 rapier
rCold   . . .      Faith    .   c - +0 kite shield
rNeg    . . .      Spirit   +   b - +0 scale mail
rPois   .          Reflect  .   (no helmet)
rElec   .          Harm     .   (no cloak)
rCorr   .          Rampage  .   (no gloves)
Will    .....                   (no boots)
Stlth   ..........              (no amulet)
HPRegen 0.06/turn               (no ring)
MPRegen 0.09/turn               (no ring)

@: no status effects
A: fangs 2, magic shield, antimagic bite, no potion heal 2
a: no special abilities


You were on level 2 of the Dungeon.
You visited 1 branch of the dungeon, and saw 2 of its levels.

You collected 49 gold pieces.

Inventory:

Hand Weapons
 a - a +0 rapier (weapon)
Armour
 b - a +0 scale mail (worn)
 c - a +0 kite shield (worn)
Scrolls
 e - a scroll of noise {unknown}
 f - a scroll of enchant weapon {unknown}
 h - a scroll of teleportation {unknown}
Potions
 d - a potion of might
 g - a potion of heal wounds {unknown}
 i - a potion of haste {unknown}


   Skills:
 - Level 3.0 Fighting
 * Level 2.4 Short Blades
 + Level 2.6 Armour
 - Level 3.0 Shields


You had 2 spell levels left.
You didn't know any spells.
Your spell library was empty.

Dungeon Overview and Level Annotations

Branches:
Dungeon (2/15)

Altars:


Innate Abilities, Weirdness & Mutations

You have extremely sharp teeth.
When hurt, damage is shared between your health and your magic reserves.
Your bite disrupts and absorbs the magic of your enemies.
Potions cannot restore your health.


Message History

You see here a ball python corpse.
An orc comes into view. It is wielding a +0 flail.
The orc shouts!
An orc priest comes into view. It is wielding a +0 dagger.
A quokka comes into view.
The orc priest shouts!
An orc comes into view. It is wielding a +0 dagger.
The quokka moves out of view.
The orc shouts!
You block the orc's attack.
You closely miss the orc. Your bite misses the orc.
You hit the orc but do no damage. Your bite misses the orc.
You block the orc's attack.
The orc priest hits you but does no damage.
You barely miss the orc priest.
You bite the orc priest, but do no damage.
The orc hits you but does no damage.
The orc priest invokes the aid of Beogh against you.
Pain shoots through your body! The orc hits you with a +0 flail.
You are too injured to fight recklessly!
You are too injured to fight recklessly!
You are too injured to fight recklessly!
You are too injured to fight recklessly!
You are too injured to fight recklessly!
You are too injured to fight recklessly!
You are too injured to fight recklessly!
You are too injured to fight recklessly!
You are too injured to fight recklessly!
You are too injured to fight recklessly!
You are too injured to fight recklessly!
You are too injured to fight recklessly!
You are too injured to fight recklessly!
You are too injured to fight recklessly!
You are too injured to fight recklessly!
You are too injured to fight recklessly!
Unknown command.
You closely miss the orc priest. Your bite misses the orc priest.
The orc priest mumbles some strange prayers to Beogh against you.
Pain shoots through your body!
You die...

##### #...#
###...###
#.......###
#..........
#######.......#
#..†........###
#.#######..@#
#.# ##.ooro....
######.#
#.####.##.
.......# #.#
######## #.#
... ... #...


You could see an orc priest, 2 orcs and a quokka.

Vanquished Creatures
  An adder (D:2)
  A dart slug (D:2)
  3 giant cockroaches (D:1)
  2 goblins (D:1)
  A hobgoblin (D:1)
  3 kobolds (D:1)
  4 ball pythons
  6 bats
  2 frilled lizards
  A rat (D:1)
24 creatures vanquished.

Vanquished Creatures (others)
  A hobgoblin (D:1)
  A ball python (D:1)
  A kobold (D:1)
3 creatures vanquished.

Grand Total: 27 creatures vanquished

Notes
Turn   | Place    | Note
-------+----------+-------------------------------------------
     0 | D:1      | mandarbmax the Vine Stalker Fighter began the quest for the
                  | Orb.
     0 | D:1      | Reached XP level 1. HP: 11/11 MP: 2/2
   190 | D:1      | Reached XP level 2. HP: 7/16 MP: 1/3
   851 | D:2      | Reached XP level 3. HP: 14/20 MP: 4/4
  1064 | D:2      | Killed from afar by an orc priest

Illustrated notes

Levels and vault maps discovered:
D:1:      lightli_arrival_boilingwater, layout_rooms, lemuel_flame_loot_1
D:2:      layout_loops_ring, serial_bayou_pond_d, minmay_hedge_maze,
          grunt_ministairs_6, nrook_mini_backslash, uniq_jessica, uniq_sigmund

Skill      XL: |  1  2 |
---------------+-------+-----
Short Blades   | 2 |  2.4
Fighting       | 3 |  3.0
Shields        | 3 |  3.0
Armour         | |  2.6

Action                   || total
-------------------------++-------
Melee: Rapier            ||    71
       Bite              ||    13
Armor: Scale mail        ||    41
Dodge: Dodged            ||    30
Block: Kite shield       ||    53

Table legend: (Time is in decaauts)
 A = Elapsed time spent in this place.
 B = Non-inter-level travel time spent in this place.
 C = Inter-level travel time spent in this place.
 D = Time resting spent in this place.
 E = Time spent auto-exploring this place.
 F = Levels seen in this place.
 G = Mean time per level.
                   A        B        C        D        E       F      G
               +--------+--------+--------+--------+--------+-----+--------+
         Total |   1089 |   1072 |     17 |    184 |    694 |   2 |  544.5 |
       Dungeon |   1089 |   1072 |     17 |    184 |    694 |   2 |  544.5 |
               +--------+--------+--------+--------+--------+-----+--------+

Top non-repeatable levels by time:
     D:1: 775 daAuts
     D:2: 313 daAuts
